 Dungeon Crawl Stone Soup version 0.29.0-13-gc9e81de378 (webtiles) character file.

Game seed: 14339965961582391976

428 mdonais the Covered (level 7, -1/60 HPs)
             Began as a Meteoran Fighter on Sept 10, 2022.
             Was a Follower of the Shining One.
             Killed by nerve-wracking pain
             ... invoked by an orc priest
              (12 damage)
             ... on level 5 of the Dungeon.
             The game lasted 00:07:50 (1217 turns).

mdonais the Covered (Meteoran Fighter)              Turns: 1217, Time: 00:07:51

Health: -1/60      AC: 15    Str: 18 (20) XL:     7   Next: 42%
Magic:  8/8        EV:  5    Int:  7 (9)  God:    the Shining One [*.....]
Gold:   143        SH:  0    Dex: 13 (14) Spells: 6/6 levels left

rFire   + . .      SeeInvis .   a - +0 war axe
rCold   . . .      Faith    .   q - +0 buckler
rNeg    . . .      Spirit   .   n - +3 plate armour
rPois   .          Reflect  .   (no helmet)
rElec   .          Harm     .   (no cloak)
rCorr   .          Rampage  .   (no gloves)
Will    .....                   (no boots)
Stlth   ..........              (no amulet)
HPRegen 0.20/turn               c - ring of protection from cold
MPRegen 0.11/turn               m - ring of fire

@: confused, mighty, glowing, invisible (but backlit and visible)
A: sense surroundings 1, otherworldly, glowing, explore regen
a: Renounce Religion, Divine Shield


You were on level 5 of the Dungeon.
You worshipped the Shining One.
The Shining One was aware of your devotion.
You visited 1 branch of the dungeon, and saw 5 of its levels.

You collected 143 gold pieces.

Inventory:

Hand Weapons
 a - a +0 war axe (weapon)
 g - a +3 short sword
   (You took it off a kobold on level 1 of the Dungeon)
 i - a +0 sling
   (You took it off a goblin on level 2 of the Dungeon)
Missiles
 r - 3 poisoned darts (quivered)
Armour
 b - a +0 scale mail
 l - a +0 chain mail
   (You found it on level 3 of the Dungeon)
 n - a +3 plate armour (worn)
   (You found it on level 3 of the Dungeon)
 q - a +0 buckler (worn)
Jewellery
 c - a ring of protection from cold (left hand)
   (You found it on level 4 of the Dungeon)
 m - a ring of fire (right hand)
   (You found it on level 4 of the Dungeon)
Wands
 k - a wand of mindburst (10)
   (You found it on level 3 of the Dungeon)
 I - a wand of iceblast (12)
   (You found it on level 3 of the Dungeon)
Scrolls
 e - a scroll of enchant armour {unknown}
 h - 4 scrolls of identify {unknown}
 p - a scroll of amnesia {unknown}
Potions
 d - a potion of might
 j - a potion of degeneration
 o - a potion of lignification {unknown}


   Skills:
 + Level 4.9 Fighting
 * Level 5.7 Axes
 * Level 6.0 Armour
 - Level 4.0 Shields


You had 6 spell levels left.
You didn't know any spells.
Your spell library contained the following spells:

 Spells                   Type           Power      Damage    Failure   Level
 Freeze                   Ice            0%         1d3       100%        1
 Slow                     Hex            0%         N/A       100%        1
 Confusing Touch          Hex            0%         N/A       100%        3
 Frozen Ramparts          Ice            0%         1d1       100%        3
 Ignite Poison            Fire/Tmut/Pois 0%         N/A       100%        3
 Mephitic Cloud           Conj/Pois/Air  0%         N/A       100%        3
 Tukima's Dance           Hex            0%         N/A       100%        3
 Vampiric Draining        Necr           0%         2d6       100%        3
 Hailstorm                Conj/Ice       0%         3d3       100%        4
 Passage of Golubria      Tloc           0%         N/A       100%        4
 Freezing Cloud           Conj/Ice/Air   0%         6-21      100%        5
 Yara's Violent Unravell  Hex/Tmut       0%         3d3       100%        5


Dungeon Overview and Level Annotations

Branches:
Dungeon (5/15) Zot: 1728
 Temple: D:4-7

Altars:
Hepliaklqana
Xom
The Shining One


Innate Abilities, Weirdness & Mutations

You passively map a small area around you.
You are easily found by Zot.
You glow in the dark.
You regain HP and MP as you explore.


Message History

Found a fizzy dark potion.
You regained 2 hp, and now have 43/46 hp.
Health restored: 46
Found 11 gold pieces.
s - a fizzy dark potion You now have 143 gold pieces (gained 11).
A black bear and a scorpion come into view.
Found 17 gold pieces.
The black bear growls angrily.
You hear a bark!
You hear a shout! x2
A hound comes into view.
The black bear moves out of view.
The hound barks!
An orc and an orc priest come into view.
The orc priest is wielding a +1 flail of holy wrath.
The orc shouts!
The orc priest shouts!
You hear a bark!
A phantom comes into view.
The black bear bites you but does no damage.
The black bear claws you. You block the black bear's attack.
The scorpion stings you but does no damage.
The hound bites you but does no damage.
The orc moves out of view.
You take 2 damage, and have 44/46 hp.
An adder comes into view.
The hound bites you.
You take 4 damage, and have 40/46 hp.
You feel very mighty all of a sudden. The hound bites you.
You take 3 damage, and have 37/46 hp.
The adder hisses angrily.
You slice the black bear!!
The black bear is almost dead.
You barely miss the hound. The hound bites you but does no damage.
The black bear bites you but does no damage.
The black bear claws you but does no damage.
You block the black bear's attack. The hound bites you but does no damage.
You slash the black bear!
You kill the black bear!
You slash the hound!
The hound bites you but does no damage. x2
Your Armour skill increases to level 5!
You have reached level 6!
You feel agile.
You regained 6 hp, and now have 44/53 hp.
MP restored: 7 You slice the hound!!
You kill the hound!
You hit the phantom. The phantom hits you.
The phantom blinks!
You blink.
Your Axes skill increases to level 5!
You take 4 damage, and have 40/53 hp.
You slash the phantom!
The phantom is severely damaged.
You block the phantom's attack.
The orc priest looks satisfied for a moment.
You slash the phantom!
The phantom is almost destroyed.
You barely miss the scorpion. You closely miss the adder. The phantom hits you.
The orc priest mumbles some strange prayers to Beogh against you.
Beogh smites you! The adder bites you but does no damage.
The scorpion stings you but does no damage.
The phantom barely misses you.
You hear a shout!
You take 11 damage, and have 29/53 hp.
MASSIVE DAMAGE!!
You slash the phantom!
You destroy the phantom!
The Shining One accepts your kill.
You slash the adder! You slash the scorpion!
You hear a bark!
The adder bites you but does no damage.
The scorpion stings you but does no damage.
You block the adder's attack.
The scorpion stings you but does no damage.
You have reached level 7!
You regained 5 hp, and now have 34/60 hp.
MP restored: 8 You slash the scorpion!
You kill the scorpion!
You hit the adder. You block the adder's attack. The adder bites you.
You are poisoned.
The adder poisons you!
You take 1 damage, and have 33/60 hp.
You barely miss the adder.
The adder is almost dead.
You feel sick.
An orc priest comes into view. It is wielding a +0 hand axe.
An orc wizard comes into view. It is wielding a +0 dagger.
The adder bites you but does no damage.
An orc comes into view. It is wielding a +0 flail.
You block the orc's attack. The adder completely misses you.
You take 2 damage, and have 31/60 hp.
The orc priest shouts!
You slash the orc!
You kill the orc!
You slash the adder!
You kill the adder!
You feel sick.
You take 1 damage, and have 30/60 hp.
You slash the orc priest!
The orc priest is severely wounded.
You feel sick.
You are no longer poisoned.
The orc priest barely misses you.
You slash the orc priest!
You kill the orc priest!
The Shining One accepts your kill.
A hound comes into view.
The orc priest invokes the aid of Beogh against you.
You resist with significant effort.
The orc priest miscasts a cantrip.
Your Armour skill increases to level 6!
An iguana comes into view.
The iguana hisses angrily.
The hound barks!
You block the orc wizard's attack.
You see here an adder corpse.
You barely miss the orc wizard.
The orc priest calls down the wrath of Beogh upon you.
Beogh smites you!
* * * LOW HITPOINT WARNING * * *
The orc wizard casts a spell at you.
You are confused.
You take 13 damage, and have 17/60 hp.
MASSIVE DAMAGE!!
It was a potion of degeneration.
There was something very wrong with that liquid.
You feel weakened.
You feel dopey.
You feel clumsy. The orc hits you with a +0 flail.
* * * LOW HITPOINT WARNING * * *
The orc priest looks braver for a moment.
The orc wizard hits you with a +0 dagger.
* * * LOW HITPOINT WARNING * * *
You take 4 damage, and have 13/60 hp.
It was a potion of magic.
Magic courses through your body. The hound bites you.
* * * LOW HITPOINT WARNING * * *
The orc wizard hits you but does no damage.
You take 1 damage, and have 12/60 hp.
It was a potion of invisibility.
You become transparent, but the glow from your halo and body prevents you from becoming completely invisible.
The hound barely misses you.
The orc priest looks encouraged for a moment.
The orc hits you but does no damage.
The orc wizard hits you but does no damage.
The hound bites you but does no damage. The hound attacks as you move away!
The hound barely misses you.
The orc priest attacks as you move away!
The orc priest barely misses you.
You slash the orc priest!
The orc priest is almost dead.
You slash the orc!
You kill the orc!
You completely miss the hound. The hound bites you.
* * * LOW HITPOINT WARNING * * *
The orc priest calls down the wrath of Beogh upon you.
Pain shoots through your body!
You die...

.......### ######.#.## ####
.........###.##.#....#*...##
.............#.......##....#
##.........................#
##....##.##...............#
#..##....###.#.#.#........#
#............###.#.......##
.......................#.#
......(.........@)......##
................ho......# *
* .#............#.lo....###
##......########.....## ,,,
...#....# * #....## , ,,
####..#... #.....# ,^,
##.#...# #.....#* , *
#.##... .........# , * * ,,
*..........


You could see an iguana, a hound, an orc priest and an orc wizard.

Vanquished Creatures
  A black bear (D:5)
  A phantom (D:5)
  A scorpion (D:5)
  2 hounds (D:5)
  An orc priest (D:5)
  An iguana (D:5)
  3 adders
  2 worms (D:3)
  2 dart slugs
  3 orcs
  5 bats
  2 endoplasms
  A giant cockroach (D:3)
  4 goblins
  5 hobgoblins
  6 jackals
  5 kobolds
  2 quokkas
  4 ball pythons
  3 frilled lizards
  6 rats
60 creatures vanquished.

Vanquished Creatures (others)
  3 fungi (D:1)
  5 plants
8 creatures vanquished.

Grand Total: 68 creatures vanquished

Notes
Turn   | Place    | Note
-------+----------+-------------------------------------------
     0 | D:1      | mdonais the Meteoran Fighter began the quest for the Orb.
     0 | D:1      | Reached XP level 1. HP: 19/19 MP: 2/2
    45 | D:1      | Reached XP level 2. HP: 26/26 MP: 3/3
   162 | D:1      | Found a faded altar of an unknown god.
   180 | D:1      | Prayed at the altar of an unknown god.
   180 | D:1      | Became a worshipper of the Shining One
   180 | D:1      | Reached * piety under the Shining One
   339 | D:2      | Reached XP level 3. HP: 30/31 MP: 4/4
   504 | D:2      | Reached skill level 4 in Armour
   507 | D:2      | Reached XP level 4. HP: 32/40 MP: 5/5
   680 | D:3      | Found a hazy altar of Hepliaklqana.
  1049 | D:5      | Entered Level 5 of the Dungeon
  1055 | D:5      | Reached XP level 5. HP: 46/46 MP: 6/6
  1081 | D:5      | Found a shimmering altar of Xom.
  1194 | D:5      | Noticed a black bear
  1196 | D:5      | Noticed a phantom
  1201 | D:5      | Killed a black bear
  1202 | D:5      | Reached skill level 5 in Armour
  1202 | D:5      | Reached XP level 6. HP: 44/53 MP: 7/7
  1203 | D:5      | Reached skill level 5 in Axes
  1206 | D:5      | Reached XP level 7. HP: 34/60 MP: 8/8
  1211 | D:5      | Reached skill level 6 in Armour
  1217 | D:5      | Killed from afar by an orc priest

Illustrated notes

Levels and vault maps discovered:
D:1:      evilmike_arrival_fibonacci_small, layout_basic,
          serial_co_window_serial, co_window_of_opportunity_a,
          co_window_paths_a, co_window_of_opportunity_a, co_window_paths_b,
          co_window_paths_a, co_window_broadway_c, co_window_paths_c,
          co_window_of_opportunity_c, co_window_corner_b, glass_columns_c,
          glass_columns_c, glass_columns_c, shapermc_ecumenical_altar_ellora,
          minmay_shallow_snake_nest
D:2:      layout_loops_ring, chequers_decorated_corner,
          minmay_misc_feat_columns, glass_columns_a, nrook_uturn
D:3:      layout_basic, mainiacjoe_overflow_swirl, amethyst_killhole,
          minmay_surrounded
D:4:      layout_cave_pods, serial_rivers, chequers_serial_rivers_micro_d,
          chequers_serial_rivers_large_a, chequers_serial_rivers_room_a,
          chequers_serial_rivers_small_a, guppyfry_early_lair_pool,
          uniq_menkaure
D:5:      layout_cave_pools, kennysheep_little_box, grunt_ministairs_1,
          nicolae_inconvenience_store, hangedman_abyss_or_decor_stabs

Skill      XL: |  1  2  3  4  5  6  7 |
---------------+----------------------+-----
Axes           | 3 4 5 |  5.7
Shields        | 4 |  4.0
Armour         | 4 5 6 |  6.0
Fighting       | 4 |  4.9

Action                   |  1- 3 |  4- 6 |  7- 9 || total
-------------------------+-------+-------+-------++-------
Melee: War axe           |    64 |    61 |     7 ||   132
  Use: Potion            |       |     1 |     3 ||     4
Armor: Scale mail        |    33 |     9 |       ||    42
       Plate armour      |       |    33 |     5 ||    38
       Chain mail        |       |     7 |       ||     7
Dodge: Dodged            |    18 |     7 |     5 ||    30
Block: Buckler           |    15 |    16 |     3 ||    34
